General information
- name: BNet
- type: Ladder team game (AT/RT)
- host: Battle.net
- saver: ANNOUNCER
map: MarketSquare
- players: 8
- length: 28:13
- speed: Fast
- version: 1.24 W3XP
- replay type: Public
» download(177 KB)
Players
team 1 (loser)
Saxon88 (
yellow | 49 APM | 1131 actions | 22:54)
5 Keeper of the Grove
3 Entangling Roots
2 Force of Nature
» actions
| Assign group hotkey | 37 | |
| Basic commands | 3 | |
| Build / train | 68 | |
| Enter build submenu | 18 | |
| Enter hero's abilities submenu | 5 | |
| Remove unit from queue | 1 | |
| Right click | 308 | |
| Select / deselect | 221 | |
| Select group hotkey | 420 | |
| Use ability | 50 | |
1131 total
» units
| Wisp | 20 | |
| Archer | 9 | |
| Dryad | 10 | |
| Hippogryph | 12 | |
51 total
» upgrades
| Reinforced Hides | 2 | |
| Abolish Magic | 1 | |
| Strength of the Wild | 2 | |
5 total
» buildings
| Moon Well | 8 | |
| Altar of Elders | 1 | |
| Ancient of War | 1 | |
| Ancient of Wonders | 1 | |
| Tree of Ages | 1 | |
| Hunter's Hall | 1 | |
| Ancient of Lore | 2 | |
| Ancient of Wind | 1 | |
| Tree of Life | 1 | |
| Ancient Protector | 1 | |
18 total
» build order
00:10 Moon Well
00:16 Altar of Elders
00:37 Ancient of War
01:43 Moon Well
02:07 Ancient of Wonders
02:37 Moon Well
02:51 Moon Well
04:10 Moon Well
04:17 Tree of Ages
04:49 Hunter's Hall
06:36 Moon Well
06:44 Ancient of Lore
06:49 Ancient of Lore
07:51 Ancient of Wind
09:17 Tree of Life
13:18 Moon Well
14:51 Ancient Protector
19:49 Moon Well
» items
| Scroll of Town Portal | 2 | |
| Potion of Healing | 1 | |
| Orb of Fire | 1 | |
4 total
spwessexc-k (
green | 51 APM | 1168 actions | 23:02)
3 Archmage
2 Summon Water Elemental
1 Brilliance Aura
» actions
| Basic commands | 1 | |
| Build / train | 82 | |
| Enter build submenu | 19 | |
| Enter hero's abilities submenu | 3 | |
| Remove unit from queue | 5 | |
| Right click | 757 | |
| Select / deselect | 250 | |
| Use ability | 51 | |
1168 total
» units
| Peasant | 20 | |
| Footman | 5 | |
| Rifleman | 14 | |
| Flying Machine | 1 | |
| Gryphon Rider | 11 | |
| Priest | 1 | |
52 total
» upgrades
| Gunpowder | 3 | |
| Swords | 3 | |
| Plating | 1 | |
| Armor | 1 | |
| Defend | 1 | |
| Masonry | 1 | |
| Long Rifles | 1 | |
| Lumber Harvesting | 1 | |
| Priest Training | 1 | |
| Flak Cannons | 1 | |
| Flying Machine Bombs | 1 | |
| Storm Hammers | 0 | |
15 total
» buildings
| Farm | 8 | |
| Barracks | 1 | |
| Altar of Kings | 1 | |
| Blacksmith | 1 | |
| Lumber Mill | 1 | |
| Keep | 1 | |
| Castle | 1 | |
| Workshop | 1 | |
| Arcane Sanctum | 1 | |
| Gryphon Aviary | 3 | |
19 total
» build order
00:15 Farm
00:21 Barracks
00:28 Altar of Kings
01:37 Blacksmith
01:50 Farm
02:33 Farm
03:06 Lumber Mill
03:23 Farm
04:31 Farm
05:48 Farm
05:54 Farm
07:08 Keep
10:49 Castle
11:42 Workshop
11:51 Arcane Sanctum
13:02 Gryphon Aviary
16:13 Farm
19:48 Gryphon Aviary
19:54 Gryphon Aviary

»
wera45 (
orange | 13 APM | 362 actions | 28:12)
2 Archmage
1 Blizzard
1 Summon Water Elemental
» actions
| Basic commands | 48 | |
| Build / train | 62 | |
| Enter build submenu | 29 | |
| Enter hero's abilities submenu | 3 | |
| Select / deselect | 169 | |
| Use ability | 44 | |
362 total
» units
| Peasant | 15 | |
| Footman | 19 | |
| Rifleman | 6 | |
40 total
» upgrades
| Defend | 1 | |
| Swords | 2 | |
| Gunpowder | 2 | |
| Masonry | 2 | |
| Plating | 2 | |
| Armor | 2 | |
| Lumber Harvesting | 1 | |
| Backpack | 1 | |
| Magic Sentry | 1 | |
| Priest Training | 1 | |
| Sorceress Training | 1 | |
16 total
» buildings
| Lumber Mill | 1 | |
| Barracks | 1 | |
| Farm | 4 | |
| Altar of Kings | 1 | |
| Blacksmith | 1 | |
| Scout Tower | 8 | |
| Keep | 1 | |
| Arcane Vault | 1 | |
| Guard Tower | 1 | |
| Arcane Tower | 1 | |
| Arcane Sanctum | 1 | |
| Workshop | 1 | |
| Gryphon Aviary | 1 | |
23 total
» build order
01:05 Lumber Mill
01:22 Barracks
02:11 Farm
03:17 Altar of Kings
04:31 Blacksmith
06:02 Farm
07:00 Farm
08:03 Farm
12:37 Scout Tower
13:21 Scout Tower
15:55 Scout Tower
16:43 Scout Tower
17:36 Scout Tower
18:15 Scout Tower
19:00 Keep
19:30 Scout Tower
20:15 Arcane Vault
20:19 Guard Tower
20:25 Arcane Tower
21:35 Arcane Sanctum
23:09 Workshop
24:15 Gryphon Aviary
24:35 Scout Tower

»
Newbie1234 (
red | 70 APM | 1591 actions | 22:48)
4 Mountain King
2 Storm Bolt
2 Bash
3 Paladin
2 Holy Light
1 Devotion Aura
» actions
| Assign group hotkey | 23 | |
| Basic commands | 160 | |
| Build / train | 70 | |
| ESC pressed | 2 | |
| Enter build submenu | 28 | |
| Enter hero's abilities submenu | 8 | |
| Give item / drop item | 3 | |
| Remove unit from queue | 2 | |
| Right click | 272 | |
| Select / deselect | 212 | |
| Select group hotkey | 728 | |
| Use ability | 83 | |
1591 total
» units
| Peasant | 18 | |
| Footman | 2 | |
| Rifleman | 7 | |
| Dragonhawk Rider | 7 | |
| Gryphon Rider | 3 | |
37 total
» upgrades
| Masonry | 3 | |
| Gunpowder | 3 | |
| Lumber Harvesting | 2 | |
| Long Rifles | 1 | |
| Storm Hammers | 1 | |
| Cloud | 1 | |
| Animal War Training | 1 | |
| Armor | 3 | |
15 total
» buildings
| Barracks | 1 | |
| Altar of Kings | 1 | |
| Farm | 12 | |
| Blacksmith | 2 | |
| Lumber Mill | 2 | |
| Keep | 1 | |
| Scout Tower | 2 | |
| Guard Tower | 2 | |
| Arcane Vault | 1 | |
| Castle | 1 | |
| Gryphon Aviary | 2 | |
| Town Hall | 1 | |
28 total
» build order
00:16 Barracks
00:37 Altar of Kings
00:44 Farm
00:59 Farm
02:03 Blacksmith
02:08 Blacksmith
02:20 Farm
02:57 Lumber Mill
03:48 Keep
04:07 Farm
04:30 Farm
04:38 Scout Tower
04:42 Scout Tower
05:55 Guard Tower
06:07 Guard Tower
06:20 Arcane Vault
07:23 Castle
07:34 Farm
08:19 Lumber Mill
09:23 Gryphon Aviary
10:23 Town Hall
11:33 Farm
11:47 Farm
12:05 Farm
12:47 Gryphon Aviary
13:28 Farm
13:30 Farm
13:31 Farm
» items
| Scroll of Town Portal | 2 | |
| Scroll of Regeneration | 1 | |
3 total
team 2 (winner)
Magic-boy (
blue | 122 APM | 3432 actions | 28:12)
6 Mountain King
3 Storm Bolt
2 Thunder Clap
1 Avatar
5 Paladin
3 Holy Light
1 Divine Shield
1 Devotion Aura
5 Archmage
3 Blizzard
2 Brilliance Aura
» actions
| Assign group hotkey | 61 | |
| Basic commands | 308 | |
| Build / train | 112 | |
| Enter build submenu | 40 | |
| Enter hero's abilities submenu | 16 | |
| Give item / drop item | 4 | |
| Right click | 891 | |
| Select / deselect | 377 | |
| Select group hotkey | 1475 | |
| Use ability | 148 | |
3432 total
» units
| Peasant | 29 | |
| Footman | 5 | |
| Dragonhawk Rider | 6 | |
| Knight | 8 | |
| Priest | 2 | |
| Sorceress | 3 | |
53 total
» upgrades
| Defend | 1 | |
| Masonry | 1 | |
| Lumber Harvesting | 2 | |
| Plating | 3 | |
| Swords | 4 | |
| Priest Training | 2 | |
| Cloud | 1 | |
| Sorceress Training | 2 | |
| Animal War Training | 1 | |
| Armor | 3 | |
20 total
» buildings
| Altar of Kings | 1 | |
| Barracks | 1 | |
| Farm | 15 | |
| Keep | 1 | |
| Town Hall | 3 | |
| Lumber Mill | 2 | |
| Arcane Vault | 1 | |
| Scout Tower | 5 | |
| Guard Tower | 4 | |
| Castle | 1 | |
| Blacksmith | 1 | |
| Arcane Sanctum | 2 | |
| Gryphon Aviary | 1 | |
38 total
» build order
00:18 Altar of Kings
00:21 Barracks
00:29 Farm
01:02 Farm
01:47 Farm
02:26 Farm
03:57 Keep
04:33 Town Hall
04:48 Lumber Mill
04:51 Lumber Mill
04:54 Arcane Vault
05:50 Scout Tower
05:52 Scout Tower
05:54 Scout Tower
06:04 Scout Tower
06:15 Scout Tower
06:32 Guard Tower
06:35 Guard Tower
06:54 Guard Tower
07:40 Castle
07:45 Guard Tower
08:05 Blacksmith
08:26 Arcane Sanctum
08:59 Arcane Sanctum
09:02 Gryphon Aviary
09:23 Farm
10:17 Farm
10:35 Farm
10:53 Farm
10:55 Farm
10:55 Farm
11:16 Farm
12:51 Farm
13:33 Farm
18:06 Farm
18:08 Farm
19:28 Town Hall
25:28 Town Hall
» items
| Potion of Healing | 2 | |
| Potion of Mana | 2 | |
| Scroll of Regeneration | 2 | |
| Lesser Clarity Potion | 2 | |
| Orb of Fire | 2 | |
| Boots of Speed | 1 | |
| Scroll of Protection | 1 | |
| Scroll of Healing | 1 | |
| Scroll of Town Portal | 1 | |
14 total

»
Jiraya (
pink | 57 APM | 1612 actions | 28:12)
7 Demon Hunter
3 Immolation
3 Evasion
1 Metamorphosis
» actions
| Assign group hotkey | 6 | |
| Basic commands | 70 | |
| Build / train | 77 | |
| Enter build submenu | 28 | |
| Enter hero's abilities submenu | 7 | |
| Give item / drop item | 3 | |
| Right click | 959 | |
| Select / deselect | 307 | |
| Select group hotkey | 63 | |
| Use ability | 92 | |
1612 total
» units
| Wisp | 34 | |
| Hippogryph | 11 | |
| Chimaera | 7 | |
52 total
» upgrades
| Ultravision | 1 | |
| Strength of the Wild | 3 | |
| Reinforced Hides | 3 | |
| Well Spring | 1 | |
| Corrosive Breath | 1 | |
9 total
» buildings
| Moon Well | 10 | |
| Altar of Elders | 1 | |
| Tree of Ages | 2 | |
| Hunter's Hall | 1 | |
| Ancient Protector | 8 | |
| Ancient of Wonders | 1 | |
| Ancient of Wind | 1 | |
| Tree of Eternity | 2 | |
| Chimaera Roost | 2 | |
| Tree of Life | 1 | |
29 total
» build order
00:17 Moon Well
00:46 Altar of Elders
01:13 Moon Well
02:12 Tree of Ages
02:34 Hunter's Hall
03:01 Moon Well
03:43 Ancient Protector
04:07 Ancient Protector
04:44 Ancient of Wonders
05:06 Ancient of Wind
05:34 Tree of Eternity
07:11 Moon Well
07:39 Moon Well
07:41 Moon Well
08:16 Chimaera Roost
08:22 Chimaera Roost
08:47 Moon Well
09:55 Moon Well
11:03 Moon Well
12:26 Tree of Life
16:43 Ancient Protector
16:48 Ancient Protector
22:02 Ancient Protector
22:06 Ancient Protector
22:37 Ancient Protector
22:40 Ancient Protector
24:00 Tree of Ages
24:04 Moon Well
26:26 Tree of Eternity
» items
| Orb of Venom | 1 | |
| Scroll of Town Portal | 1 | |
| Circlet of Nobility | 1 | |
3 total
ANNOUNCER (
purple | 3 APM | 88 actions | 28:13)
» actions
| Right click | 7 | |
| Select / deselect | 72 | |
| Use ability | 8 | |
88 total

»
Reaper_OF_Death (
teal | 40 APM | 1119 actions | 28:12)
7 Archmage
3 Blizzard
3 Summon Water Elemental
1 Mass Teleport
» actions
| Basic commands | 23 | |
| Build / train | 62 | |
| Enter build submenu | 29 | |
| Enter hero's abilities submenu | 7 | |
| Right click | 680 | |
| Select / deselect | 278 | |
| Use ability | 40 | |
1119 total
» units
| Peasant | 11 | |
| Footman | 8 | |
| Gryphon Rider | 16 | |
35 total
» upgrades
| Gunpowder | 1 | |
| Swords | 3 | |
| Lumber Harvesting | 2 | |
| Storm Hammers | 1 | |
| Animal War Training | 1 | |
| Plating | 2 | |
10 total
» buildings
| Altar of Kings | 1 | |
| Farm | 13 | |
| Barracks | 2 | |
| Scout Tower | 3 | |
| Lumber Mill | 1 | |
| Blacksmith | 1 | |
| Keep | 1 | |
| Guard Tower | 4 | |
| Castle | 1 | |
| Gryphon Aviary | 2 | |
| Arcane Vault | 1 | |
| Town Hall | 1 | |
31 total
» build order
00:17 Altar of Kings
00:21 Farm
00:23 Barracks
00:27 Barracks
01:38 Farm
02:36 Scout Tower
03:11 Lumber Mill
03:15 Blacksmith
03:19 Farm
04:18 Keep
04:34 Guard Tower
04:49 Farm
05:26 Scout Tower
06:11 Guard Tower
06:11 Guard Tower
06:21 Farm
06:35 Scout Tower
07:14 Guard Tower
07:15 Castle
07:22 Gryphon Aviary
08:09 Gryphon Aviary
08:35 Arcane Vault
08:38 Farm
11:01 Farm
13:59 Farm
16:02 Farm
17:02 Farm
17:40 Farm
18:18 Town Hall
20:14 Farm
21:21 Farm
» items
Chat log
(00:10 / Allies) Jiraya: going chims
(00:14 / All) ANNOUNCER: HELLO EVERYONE AND WELCOME TO THIS GAME OF WARCRAFT III: THE FROZEN THRONE
(00:24 / All) ANNOUNCER: WE'LL BE PLAYING ON MARKET SQUARE TONIGHT IN A NORTH VS. SOUTH ARRANGEMENT
(00:31 / All) ANNOUNCER: MARKET SQUARE IS KNOWN FOR A FEW SALIENT FEATURES
(00:47 / All) Saxon88: he is the announcer to be sure
(00:54 / All) ANNOUNCER: MOST OF THE MAP IS NOT BUILDABLE: ONLY THE 8 BASES AND 8 EXPOS HAVE ANY SIZEABLE AREAS
(01:02 / All) Jiraya: i guess we loose
(01:07 / Allies) Reaper_OF_Death: no
(01:10 / All) ANNOUNCER: THE BASES ARE ALL RAISED, WITH A DEFINED CHOKEPOINT IN THE FRONT
(01:11 / Allies) Reaper_OF_Death: purp build
(01:31 / All) ANNOUNCER: THE EXPOS ARE GUARDED BY GOLEMS, AND AROUND THE EDGE OF THE MAP ARE BANDIT AND GOLEM RED CREEPS WITH SOME SWEET ITEMS
(01:44 / All) ANNOUNCER: IN THE MID ARE DUAL FOUNTAINS: IF YOU STAND JUST RIGHT, YOU CAN REAP THE BENEFITS OF BOTH
(01:47 / All) ANNOUNCER: LET'S MEET THE NORTH TEAM
(02:05 / Allies) Reaper_OF_Death: we got this guys they have 2 noobs we only got 1
(02:08 / All) ANNOUNCER: AT THE 10:00 SPAWN IS PINK ELF 'JIRAYA', WHO IS NOT MAKING AN AOW YET
(02:13 / All) ANNOUNCER: A HUNT BUILD PERHAPS
(02:17 / Allies) Jiraya: at least noobs do something
(02:23 / Allies) Jiraya: \t
(02:27 / Allies) Jiraya: tower up teal
(02:31 / Allies) Reaper_OF_Death: ok
(02:34 / All) ANNOUNCER: AT THE 11:00 SPAWN IS BLUE HUMAN 'MAGIC-BOY', WHO'S EXECUTING A DECENT CHOKE BLOCK AND GOING MK FOOTS
(03:00 / All) ANNOUNCER: AT THE 2:00 SPAWN, TEAL HUMAN ' REAPER_OF_DEATH' HAS AN OVERDRAMATIC NAME AND AN ARCHMAGE
(03:03 / All) Reaper_OF_Death: at midnight purple sucks big dick
(03:16 / All) ANNOUNCER: THAT IS CERTAINLY A DOUBLE ENTENDRE TEAL
(03:28 / All) ANNOUNCER: TEAL'S PUT UP A SINGLE SCOUT TOWER AT THE ENTRANCE TO HIS BASE
(03:38 / All) ANNOUNCER: AND A BLACKSMITH IS ON ITS WAY
(03:41 / All) ANNOUNCER: PERHAPS WE'LL SEE RIFLES
(03:49 / All) ANNOUNCER: PINK IS NOW STRAIGHT TECHING
(03:52 / All) ANNOUNCER: WITH NO UNITS WHATSOEVER
(03:56 / Allies) Reaper_OF_Death: towers
(03:58 / All) ANNOUNCER: AND ONLY A DEMON HUNTER
(03:58 / Allies) Reaper_OF_Death: now
(04:00 / Allies) Reaper_OF_Death: pnk
(04:02 / Allies) Reaper_OF_Death: pink
(04:09 / Allies) Reaper_OF_Death: hurry
(04:15 / All) ANNOUNCER: AN ANCIENT PROTECTOR IS GOING UP BUT TEAL CONTINUES TO SCREAM "TOWERS NOW PNK"
(04:28 / All) Saxon88: I love the announcer
(04:28 / All) ANNOUNCER: A SECOND ONE GOES DOWN LEAVING PINK WITH ONLY 7 WISPS
(04:45 / All) ANNOUNCER: BLUE MEANWHILE HAS MILITIA CREPT THE TOP-LEFT EXPO AND IS FASTBUILDING HIS HALL NOW
(04:54 / All) ANNOUNCER: TEAL IS BRINGING HIS ARMY TO THE 1:00 ANNOUNCER'S BOOTH
(05:00 / All) ANNOUNCER: IT SEEMS LIKE HE WANTS TO KILL IT
(05:03 / All) ANNOUNCER: BUT WHY
(05:09 / All) ANNOUNCER: THIS WILL NOT STOP ME FROM ANNOUNCING
(05:18 / All) ANNOUNCER: HE'S GONE BLIZZARD
(05:19 / All) ANNOUNCER: WOW
(05:36 / All) ANNOUNCER: THE BOOTH IS ABOUT TO GO DOWN
(05:53 / All) ANNOUNCER: HERE IT GOES, TEAL HAS DESTROYED THE ANNOUNCER'S BOOTH
(06:04 / All) ANNOUNCER: WHAT POSSIBLE GAIN COULD THIS GIVE THE NORTH TEAM
(06:13 / All) ANNOUNCER: TEAL HAS WASTED A SIGNIFICANT AMOUNT OF TIME ON THIS WHEN HE COULD HAVE BEEN CREEPING
(06:23 / Allies) Jiraya: good try announcing
(06:26 / Allies) Jiraya: no one give a shit about you
(06:32 / All) ANNOUNCER: TO MAKE MATTERS WORSE, HIS ARCHMAGE NOW HAS BLIZZARD, WHEN HE COULD HAVE THE MUCH MORE DESIRABLE WATER ELEMENTAL
(06:45 / All) ANNOUNCER: PINK IS ON HIS WAY TO TIER 3 NOW
(06:46 / All) ANNOUNCER: STILL NO UNITS
(06:56 / All) ANNOUNCER: IT DOES LOOK LIKE HE'S PREPARING TO GO CHIPPO
(07:03 / All) ANNOUNCER: WILL THE SOUTH TEAM PREPARE ANTIAIR TO COUNTER?
(07:20 / All) ANNOUNCER: BLUE'S EXPO IS UP AND RUNNING, AND HE' STOWERING IT UP LIKE WILD
(07:33 / All) ANNOUNCER: TEAL BEGINS TO CREEP
(07:44 / All) ANNOUNCER: HE MANAGES TO LOSE A FOOTMAN TO A GREEN CREEP
(07:50 / All) ANNOUNCER: HE TRIES TO MICRO BUT HE'S NOT GOOD ENOUGH
(07:56 / All) Reaper_OF_Death: lol
(08:07 / All) ANNOUNCER: IT MUST BE ROUGH, BEING UNABLE TO TAKE OUT A GREEN CREEP WITHOUT LOSING A FOOTMAN
(08:17 / All) ANNOUNCER: BLUE AND PINK ARE CREEPING MID
(08:31 / All) ANNOUNCER: BLUE CHOOSES TO USE VALUABLE MANA STORM BOLTING THE LEVEL 4 ASSASSINS
(08:43 / Allies) Reaper_OF_Death: +lol
(08:44 / All) ANNOUNCER: PINK'S CHIMAERA ROOSTS ARE GOING UP NOW
(08:49 / Allies) Reaper_OF_Death: shit
(09:00 / All) ANNOUNCER: HERE GOES TEAL
(09:06 / All) ANNOUNCER: ON ANOTHER GREEN CREEP
(09:13 / All) ANNOUNCER: ANOTHER FOOTMAN DIES
(09:18 / All) ANNOUNCER: TO HIS SHEER NEGLIGENCE
(09:34 / All) ANNOUNCER: WE HAVEN'T CAUGHT A WHIFF OF SOUTH TEAM AT ALL YET
(09:37 / All) ANNOUNCER: WHAT ARE THEY UP TO?
(09:41 / All) ANNOUNCER: WAIT, HERE'S RED
(09:48 / All) ANNOUNCER: HIS RIFLE ARMY IS NOT DOING SO WELL VS. BLUE'S DEFENDMEN
(10:07 / All) ANNOUNCER: SINCE BLUE USED ALL HIS MANA STORM BOLTING CREEPS HE CAN'T PROPERLY FIGHT RED
(10:13 / All) ANNOUNCER: IT SEEMS TO BE AN IMPASSE
(10:24 / All) ANNOUNCER: TEAL HEADS SOUTH
(10:31 / All) ANNOUNCER: YELLOW IS HERE WITH DRYADS AND A KOTG
(10:34 / All) ANNOUNCER: BAD NEWS FOR TEAL
(10:43 / All) ANNOUNCER: A QUICK TP BY THE ARCHMAGE MANAGES TO SAVE ALL BUT ONE FOOTMAN
(10:45 / Allies) Magic-boy: WOOD ME
(10:55 / All) ANNOUNCER: BLUE HEALS UP AND PREPARES TO HEAD BACK IN
(11:03 / All) ANNOUNCER: PINK'S FIRST CHIMAERAS ARE COMING OUT NOW
(11:15 / All) ANNOUNCER: HE'S BUILT UP SEVEN HIPPOS ALREADY
(11:24 / All) ANNOUNCER: THE PINK DEMON HUNTER HEADS SOUTH TO SCOUT
(11:32 / All) ANNOUNCER: WHILE BLUE PREPARES TO CREEP THE TOP SHOP
(11:46 / All) ANNOUNCER: PINK SENDS A WISP TO THE FORMER ANNOUNCER'S BOOTH TO EXPAND
(12:00 / All) ANNOUNCER: TEAL HAS BEGUN BUILDING UP A FORCE OF GRYPHONS
(12:07 / All) ANNOUNCER: IT SEEMS NORTH TEAM'S ENDGAME IS ENTIRELY AIR-BASED
(12:36 / All) ANNOUNCER: THREE CHIMAERA ARE OUT FOR PINK SO FAR
(12:45 / All) ANNOUNCER: AND PINK STUMBLES BLINDLY AROUND THE MAP LOOKING FOR CREEPJACKS
(12:57 / All) ANNOUNCER: NO LUCK SO FAR, BUT HE DECIDES TO CREEP A GREEN ALONG THE BOTTOM
(13:01 / All) ANNOUNCER: PINK HAS GONE IMMOLATION
(13:05 / All) ANNOUNCER: ONE OF THE GAME'S WORST SPELLS
(13:12 / All) ANNOUNCER: TRULY A WONDER PLAYERS THIS BAD EXIST
(13:33 / All) ANNOUNCER: BLUE HEADS SOUTH WITH THE CLASSIC HUMAN TRIHERO
(13:36 / All) ANNOUNCER: AM MK PALADIN
(13:40 / All) ANNOUNCER: BUT OUT OF ORDER: MK PALADIN AM
(13:51 / All) ANNOUNCER: YELLOW TPS TO SAVE HIS ARMY
(13:58 / All) ANNOUNCER: LEAVING RED AND GREEN ALONE TO DEAL WITH BLUE
(14:11 / Allies) Reaper_OF_Death: yellows got hippos and drays..
(14:17 / All) ANNOUNCER: THE SOUTH TEAM RIFLEMEN CAN'T HANDLE KNIGHTS AND DEFENDMEN
(14:26 / All) ANNOUNCER: SOMEHOW TWO VERSUS ONE THEY HAVE TO BEAT A RETREAT
(14:49 / All) ANNOUNCER: RED IS JUST FULL OF BOLTS
(14:58 / All) ANNOUNCER: 'STFU U BITCH ASS MOTHER FUCKER' SHOUTS TEAL
(15:03 / All) ANNOUNCER: AN ANGRY DUDE, AN ANGRY NOOB
(15:12 / Allies) Jiraya: purp have no life
(15:19 / Allies) Jiraya: announced something no1 give a shit about
(15:21 / All) ANNOUNCER: PLEASE DIRECT ALL PERSONAL REMARKS TO MY CELL PHONE, 647-869-9830 AND KEEP THEM OUT OF GAME CHAT
(15:37 / All) ANNOUNCER: HERE'S A FIGHT, BLUE VS. EVERYONE
(15:42 / All) ANNOUNCER: PINK DECIDES TO GET SURROUNDED
(15:46 / All) ANNOUNCER: AND LEAVE HIS WHOLE ARMY AT HOME
(15:56 / All) ANNOUNCER: WILL PINK EVER USE HIS UNITS? WE'LL HAVE TO SEE
(16:02 / All) ANNOUNCER: HE'S GROUPING UP HIS SIX CHIMAERA NOW
(16:05 / Allies) Reaper_OF_Death: lol
(16:07 / All) ANNOUNCER: AND LEAVING THE HIPPOS
(16:15 / All) ANNOUNCER: RED'S BROUGHT CLOUDHAWKS
(16:22 / All) ANNOUNCER: BAD NEWS FOR BLUE'S TOWERED EXPO
(16:29 / All) ANNOUNCER: YELLOW HAS FORCE OF NATURE, ANOTHER OF THE WORST SPELLS IN THE GAME
(16:40 / Allies) Reaper_OF_Death: b blue
(16:43 / All) ANNOUNCER: WE'LL SEE IF IT BALANCES PINK'S IMMOLATION AT ALL
(16:47 / All) ANNOUNCER: BLUE PREPARES TO DEFEND
(17:07 / All) ANNOUNCER: THREE VS. ONE, THIS IS NOT GOOD FOR BLUE
(17:18 / All) ANNOUNCER: BUT TEAL IS ON HIS WAY WITH FOOTMEN AND GRYPHON
(17:26 / All) ANNOUNCER: PINK FORCES A TP FROM YELLOW
(17:29 / All) ANNOUNCER: AND TPS OUT HIMSELF
(17:40 / All) ANNOUNCER: THIS LEAVES GREEN AT BLUE'S FORMER EXPANSION
(17:47 / All) ANNOUNCER: THE EXPO IS GONE BUT GREEN MUST RETREAT NOW
(17:55 / All) ANNOUNCER: TEAL IS HERE TO HELP
(18:06 / All) ANNOUNCER: A POLYMORPH AND GREEN'S ARMY IS DECIMATED
(18:19 / All) ANNOUNCER: PINK PINGS YELLOW'S EXPANSION
(18:22 / Allies) Reaper_OF_Death: ok
(18:23 / All) ANNOUNCER: IT SEEMS THAT'S THE NEXT TARGET
(18:41 / All) ANNOUNCER: YELLOW'S SINGLE TOWER QUICKLY EVAPORATES
(18:47 / All) ANNOUNCER: AND THE TREE OF LIFE DOESN'T LAST MUCH LONGER
(18:54 / Allies) Reaper_OF_Death: hey purp u fag how u type so fast u nerd?
(18:56 / All) ANNOUNCER: SOUTH TEAM IS RALLYING AT YELLOW'S BASE
(19:07 / All) ANNOUNCER: 'HEY PUPR U FAG HOW U TYPE SO FAST U NERD?' ASKS TEAL
(19:18 / All) ANNOUNCER: THE ANSWER IS THAT I KNOW HOW TO USE A COMPUTER, LIKE MOST PEOPLE IN 2010 SHOULD
(19:28 / All) ANNOUNCER: HERE'S A BIG FIGHT - RED TRIES TO TAKE THE ENTIRE NORTH TEAM ARMY
(19:30 / All) ANNOUNCER: BUT CAN'T HANDLE IT
(19:34 / All) ANNOUNCER: TPS OUT QUICKLY
(19:37 / All) ANNOUNCER: THE RED EXPO IS PINGER
(19:38 / All) ANNOUNCER: D
(19:48 / All) ANNOUNCER: WITH NO DEFENSES WHATSOEVER IT FALLS EASILY
(19:49 / All) Jiraya: thks purp
(19:57 / All) Reaper_OF_Death: purps a fat ass nerd sleeping in a garbage can
(20:10 / All) ANNOUNCER: FEEL FREE TO ADD ME TO FACEBOOK TO SEE MY WONDERFUL LIFE AND PHYSIQUE
(20:13 / All) ANNOUNCER: FACEBOOK.COM/TYLERKERR
(20:23 / Allies) Reaper_OF_Death: nerd
(20:24 / All) ANNOUNCER: THE NORTH TEAM HEADS SOUTHEAST, AS THERE'S A DISTURBANCE AT PINK'S BASE
(20:28 / Allies) Reaper_OF_Death: tp?
(20:36 / All) ANNOUNCER: PINK PINGS YELLOW - HERE THEY GO
(20:56 / All) ANNOUNCER: YELLOW TPS, BUT IT LOOKS LIKE HIS ARMY WILL NOT BE NEARLY ENOUGH
(21:08 / All) ANNOUNCER: THREE VS. ONE THE SOUTH TEAM DOESN'T STAND A CHANCE HERE
(21:18 / All) ANNOUNCER: BUT THE PINK TREE OF ETERNITY FALLS
(21:22 / All) Saxon88: you're the best man
(21:29 / All) Saxon88: we lose but the game if funny as hell hahahaah
(21:48 / All) ANNOUNCER: YELLOW IS ADMITTING DEFEAT - WE'LL SEE IF HIS TEAMMATES DO LIKEWISE
(21:50 / All) Reaper_OF_Death: PURP SUCKS DICK AT 12;00
(22:01 / All) ANNOUNCER: TEAL TRIES TO REUSE A JOKE FROM THE VERY BEGINNING OF THE GAME
(22:10 / All) ANNOUNCER: IT SEEMS HE IS NOT VERY QUICK-WITTED
(22:19 / All) ANNOUNCER: GREEN'S HERO FALLS NEARLY INSTANTLY
(22:21 / All) Reaper_OF_Death: PURP EATS CRAP AT 12;00
(22:24 / All) ANNOUNCER: AND THE GREEN BASE IS IN BIG TROUBLE
(22:28 / All) Jiraya: hahahaha
(22:42 / All) ANNOUNCER: BLUE TPS HOME TO FIGHT RED IN HIS BASE
(22:48 / All) ANNOUNCER: TEAL DOES LIKEWISE
(22:58 / All) ANNOUNCER: WHAT DID HE DO
(23:01 / All) ANNOUNCER: AND HERE GOES THE SOUTH TEAM
(23:02 / All) ANNOUNCER: THANKS FOR PLAYING ALL
(23:03 / All) Reaper_OF_Death: PURP FUCKS FAT GUYS AT 12;00
(23:05 / All) ANNOUNCER: HTTP://HIGHPER.CH/
(23:06 / All) Jiraya: 3on4 haha
(23:09 / All) ANNOUNCER: FOR MORE SWEET REPLAYS
(23:12 / All) Jiraya: and chims win
(23:26 / All) Reaper_OF_Death: PURP LICKS BALLS AT 12;00
(23:43 / All) ANNOUNCER: TEAL IS STILL UNABLE TO COMPREHEND HIS SURROUNDINGS
(23:54 / All) ANNOUNCER: LEARNING DISABILITY DOESN'T EVEN BEGIN TO DESCRIBE HIM
(23:56 / All) Reaper_OF_Death: PURP STILL SUCKS DICKS
(24:07 / All) Reaper_OF_Death: WHEN WILL HE STOP?
(24:10 / All) ANNOUNCER: ONLY TWO SOUTH TEAM BASES REMAIN
(24:17 / All) ANNOUNCER: THE NORTH TEAM CONVERGES ON THEM
(24:18 / All) Reaper_OF_Death: WILL HE EVER?
(24:29 / All) ANNOUNCER: ONLY ORANGE IS STILL HERE
(24:31 / All) Reaper_OF_Death: HES GOING ALL THE WAY
(24:45 / All) Reaper_OF_Death: PURP SUCKS DICK LIKE NO TOMMORROW
(24:45 / All) ANNOUNCER: HIS FORCES LAST FOR EXACTLY 7 SECONDS
(24:49 / All) ANNOUNCER: 'TOMORROW'
(25:02 / All) ANNOUNCER: AND THE PHRASE IS 'LIKE THERE'S NO TOMORROW'
(25:09 / All) Reaper_OF_Death: LOOKS LIKE PURPS GOING ALL THE WAY
(25:17 / All) ANNOUNCER: TEAL CANNOT FORM BASIC PHRASES IN ENGLISH
(25:19 / All) Reaper_OF_Death: GAY BASTARD
(25:32 / All) Reaper_OF_Death: U EAT SHIT AND U LIKE IT
(25:36 / All) ANNOUNCER: IS ENGLISH HIS SECOND LANGUAGE, OR IS HE JUST SLOW?
(25:38 / All) ANNOUNCER: HARD TO SAY
(26:03 / All) ANNOUNCER: A CLOUD GOES OFF AND BLUE GETS TO WORK ON RED'S ABANDONED BASE
(26:05 / All) Reaper_OF_Death: HARD TO SAY PURPS HUMAN I KNOW HE IS A TOLIET
(26:16 / All) ANNOUNCER: TEAL CANNOT EVEN SPELL THE WORD 'TOILET'
(26:20 / Allies) Reaper_OF_Death: LOL
(26:42 / All) ANNOUNCER: PINK IS NOW CREEPING
(26:50 / All) ANNOUNCER: BUT WHY
(26:51 / Allies) Reaper_OF_Death: DUDE I WILL ADD U ON FACE BOOK U ARE THE DUMBASSES PERSON EVER
(27:03 / All) ANNOUNCER: 'DUDE I WILL ADD U ON FACE BOOK U ARE THE DUMBASSES PERSON EVER'
(27:14 / All) ANNOUNCER: WHAT IS GOING ON WITH THAT SENTENCE, I HAVE NO IDEA
(27:18 / All) ANNOUNCER: FACEBOOK.COM/TYLERKERR
(27:19 / All) ANNOUNCER: GO FOR IT
(27:36 / All) Reaper_OF_Death: U CAN LEAVE NOW FAG
(27:37 / All) ANNOUNCER: PINK PICKS UP A BLINK DAGGER
(27:48 / All) ANNOUNCER: I'LL LEAVE WHEN I WIN
(27:50 / All) ANNOUNCER: WHICH IS SOON
(27:58 / All) Jiraya: sad dog
(28:00 / All) Reaper_OF_Death: U WILL SUCK DICK U FAG
(28:07 / All) ANNOUNCER: GOOD GAME ALL
(28:10 / All) ANNOUNCER: GOODBYE